 Dungeon Crawl Stone Soup version 0.30-a0-395-gfe72c296f8 (webtiles) character file.

Game seed: 18347056606308251426

21 Emberiza the Magician (level 3, 23/25 HPs)
             Began as a Djinni Air Elementalist on Dec 7, 2022.
             Quit the game on level 1 of the Dungeon.
             The game lasted 00:01:53 (506 turns).

Emberiza the Magician (Djinni Air Elementalist)      Turns: 506, Time: 00:01:54

Health: 23/25      AC:  2    Str:  7    XL:     3   Next: 5%
Gold:   40         EV: 12    Int: 18    God:
                   SH:  0    Dex: 13

rFire   + + .      SeeInvis .    c - staff of conjuration
rCold   x . .      Faith    .    (no shield)
rNeg    . . .      Spirit   .    a - +0 robe
rPois   ∞          Reflect  .    (no helmet)
rElec   .          Harm     .    (no cloak)
rCorr   .          Rampage  .    (no gloves)
Will    .....                    (boots unavailable)
Stlth   ++........               (no amulet)
HPRegen 0.24/turn                (no ring)
MPRegen 0.00/turn                (no ring)

@: flying
A: sickness immunity, fire resistance 2, cold vulnerability 1, float, innate
caster, HP casting, extra vitality 1
a: no special abilities


You were on level 1 of the Dungeon.
You visited 1 branch of the dungeon, and saw 1 of its levels.

You collected 40 gold pieces.

Inventory:

Armour
 a - a +0 robe (worn)
Magical Staves
 c - a staff of conjuration (weapon)
Scrolls
 b - 4 scrolls of enchant weapon {unknown}
Potions
 d - a potion of attraction {unknown}
 e - 2 potions of curing {unknown}


   Skills:
 - Level 2.4 Dodging
 - Level 1.8 Stealth
 * Level 2.9 Spellcasting


You couldn't memorise any spells.
You knew the following spells:

 Your Spells              Type           Power      Damage    Failure   Level
a - Shock                 Conj/Air       76%        1d7       4%          1
b - Static Discharge      Conj/Air       38%        2-4/arc   8%          2
c - Swiftness             Air            13%        N/A       14%         3
d - Airstrike             Air            6%         2d(1-17)  43%         4
e - Beastly Appendage     Tmut           26%        N/A       4%          1
Your spell library was empty.

Dungeon Overview and Level Annotations

Branches:
Dungeon (1/15)

Altars:


Innate Abilities, Weirdness & Mutations

You are immune to sickness and miasma.
You are immune to poison.
Your flesh is very heat resistant. (rF++)
You are vulnerable to cold. (rC-)
You float through the air rather than walking.
You learn spells naturally, not from books.
Your magical power is your life essence.
You have superior vitality. (+4 MHP)


Message History

You feel a surge of power!
The zap misses the rat.
You feel a surge of power!
The zap hits the rat.
You kill the rat!
You now have 23 gold pieces (gained 10).
Found a stone staircase leading down.
e - a fuming ruby potion
e - 2 fuming ruby potions (gained 1)
A frilled lizard comes into view.
You see here 8 gold pieces.
A frilled lizard is nearby!
A frilled lizard is nearby!
A frilled lizard is nearby!
You now have 31 gold pieces (gained 8).
You feel a surge of power!
The zap hits the frilled lizard.
You kill the frilled lizard!
You can't see any susceptible monsters within range! (Use Z to cast anyway.)
You now have 40 gold pieces (gained 9).
b - 4 scrolls labelled ESAUMM DANIOCU (gained 2)
Found a stone staircase leading down.
There is a stone staircase leading down here.
Found 6 stones.
A dart slug comes into view.
A dart slug is nearby!
A dart slug is nearby!
You feel a surge of power!
The zap hits the dart slug.
The dart slug is moderately wounded.
You feel a surge of power!
The zap hits the dart slug.
The dart slug is heavily wounded.
You feel a surge of power!
The zap hits the dart slug.
You kill the dart slug!
You have reached level 3!
Your experience leads to an increase in your attributes!
Increase (S)trength, (I)ntelligence, or (D)exterity?
You feel clever. x2
The power to cast Beastly Appendage wells up from within.
Spell assigned to 'e'.
Sorry, you're not good enough to have a special ability.
Unknown command.
Unknown command.
Are you sure you want to abandon this character and quit the game? (Confirm with "yes".)

#########
###........
#########...#######
.......>..### #....
#########.### #....
#...@...#.# #....
###.###.#.# #....
..† #.#.# #....
.....
#.#.#########..
....... #..........
#.. #.####.
#.......... #.. #.#
#. #.......... #..
#.# #. #..........
#.. #.# #..........
#..


There were no monsters in sight!

Vanquished Creatures
  4 dart slugs (D:1)
  A ball python (D:1)
  A giant cockroach (D:1)
  2 hobgoblins (D:1)
  A kobold (D:1)
  A quokka (D:1)
  2 frilled lizards (D:1)
  A rat (D:1)
13 creatures vanquished.

Notes
Turn   | Place    | Note
-------+----------+-------------------------------------------
     0 | D:1      | Emberiza the Djinni Air Elementalist began the quest for
                  | the Orb.
     0 | D:1      | Emberiza set off with the following spells memorised:
                  | Shock, Static Discharge, Swiftness, Airstrike.
     0 | D:1      | Reached XP level 1. HP: 15/15 MP: 0/0
   164 | D:1      | Reached XP level 2. HP: 21/21 MP: 0/0
   506 | D:1      | Reached XP level 3. HP: 23/25 MP: 0/0
   506 | D:1      | Learned a level 1 spell: Beastly Appendage
   506 | D:1      | Quit the game

Illustrated notes

Levels and vault maps discovered:
D:1:      shiori_shiawase, layout_basic, minmay_misc_feat_columns

Action                   || total
-------------------------++-------
 Cast: Shock             ||    30
       Static Discharge  ||     1
Armor: Robe              ||     1
Dodge: Dodged            ||     1

Table legend: (Time is in decaauts)
 A = Elapsed time spent in this place.
 B = Non-inter-level travel time spent in this place.
 C = Inter-level travel time spent in this place.
 D = Time resting spent in this place.
 E = Time spent auto-exploring this place.
 F = Levels seen in this place.
 G = Mean time per level.
                   A        B        C        D        E       F      G
               +--------+--------+--------+--------+--------+-----+--------+
         Total |    505 |    505 |      0 |     44 |    381 |   1 |  505.0 |
       Dungeon |    505 |    505 |      0 |     44 |    381 |   1 |  505.0 |
               +--------+--------+--------+--------+--------+-----+--------+

Top non-repeatable levels by time:
     D:1: 505 daAuts
